 Dungeon Crawl Stone Soup version 0.28.0-45-g0d030f2227 (webtiles) character file.

Game seed: 17861618417960427926

3 101zpm the Chiller (level 1, -2/10 HPs)
             Began as a Deep Elf Ice Elementalist on Apr 20, 2022.
             Slain by a white imp (3 damage)
             ... on level 5 of the Dungeon.
             The game lasted 00:01:22 (117 turns).

101zpm the Chiller (Deep Elf Ice Elementalist)       Turns: 117, Time: 00:01:23

Health: -2/10      AC:  2    Str:  5    XL:     1   Next: 41%
Magic:  0/6        EV: 12    Int: 19    God:
Gold:   11         SH:  0    Dex: 15    Spells: 5/6 levels left

rFire   . . .      SeeInvis .   (no weapon)
rCold   . . .      Faith    .   (no shield)
rNeg    . . .      Spirit   .   a - +0 robe
rPois   .          Reflect  .   (no helmet)
rElec   .          Harm     .   (no cloak)
rCorr   .          Rampage  .   (no gloves)
Will    .....                   (no boots)
Stlth   ++........              (no amulet)
HPRegen 0.03/turn               (no ring)
MPRegen 0.10/turn               (no ring)

@: no status effects
A: no striking features
a: no special abilities


You were on level 5 of the Dungeon.
You visited 1 branch of the dungeon, and saw 4 of its levels.

You collected 11 gold pieces.

Inventory:

Armour
 a - a +0 robe (worn)


   Skills:
 + Level 2.4 Dodging
 + Level 2.4 Stealth
 + Level 3.0 Spellcasting
 + Level 4.6 Ice Magic


You had 5 spell levels left.
You knew the following spells:

 Your Spells              Type           Power      Damage    Failure   Level
a - Freeze                Ice            80%        1d9       2%          1

Your spell library contained the following spells:

 Spells                   Type           Power      Damage    Failure   Level
 Frozen Ramparts          Ice            40%        1d6       7%          3
 Ozocubu's Armour         Ice            20%        N/A       7%          3
 Hailstorm                Conj/Ice       11%        3d5       52%         4


Dungeon Overview and Level Annotations

Branches:
Dungeon (5/15)
 Temple: D:4-7

Altars:

Shops:
D:4 *


Message History

You freeze the white imp.
The white imp resists.
The white imp is moderately wounded.
The white imp gestures at you. The puff of frost misses you.
Aiming: Freeze (safe; 2% risk of failure)
Press: ? - help, Q - select action Shift-Dir - straight line, f/p - white imp
Aim: a white imp (moderately wounded)
You freeze the white imp but do no damage.
The white imp completely resists.
The white imp closely misses you.
Aiming: Freeze (safe; 2% risk of failure)
Press: ? - help, Q - select action Shift-Dir - straight line, f/p - white imp
Aim: a white imp (moderately wounded)
You freeze the white imp but do no damage.
The white imp completely resists.
The white imp misses you.
Aiming: Freeze (safe; 2% risk of failure)
Press: ? - help, Q - select action Shift-Dir - straight line, f/p - white imp
Aim: a white imp (moderately wounded)
You freeze the white imp.
The white imp resists.
The white imp is moderately wounded.
The white imp barely misses you.
Aiming: Freeze (safe; 2% risk of failure)
Press: ? - help, Q - select action Shift-Dir - straight line, f/p - white imp
Aim: a white imp (moderately wounded)
You freeze the white imp.
The white imp resists.
The white imp is heavily wounded.
The white imp gestures at you. The puff of frost hits you!
Ouch! That really hurt!
* * * LOW HITPOINT WARNING * * *
You hit the white imp but do no damage.
The white imp is heavily wounded.
Aiming: Freeze (safe; 2% risk of failure)
Press: ? - help, Q - select action Shift-Dir - straight line, f/p - white imp
Aim: a white imp (heavily wounded)
You freeze the white imp but do no damage.
The white imp completely resists.
The white imp hits you.
You die...

.............# #..##
#............# ##..#
#............# #..##
#...........# ##..#
#...........# #..##
#.........# ##..#
#.........# #..##
#.......5.## ##..#
#......##@.# #...###..
#......##..# ##........#
##..[.###..#####.(....####
#...# ##..........####
#### ##........####
#...#####.# ##### #.# ###


You could see a white imp.

Vanquished Creatures
  A ball python (D:1)
  A hobgoblin (D:1)
  A frilled lizard (D:1)
3 creatures vanquished.

Notes
Turn   | Place    | Note
-------+----------+-------------------------------------------
     0 | D:1      | 101zpm the Deep Elf Ice Elementalist began the quest for
                  | the Orb.
     0 | D:1      | Reached XP level 1. HP: 10/10 MP: 6/6
    28 | D:2      | You fall into a shaft and drop 2 floors!
    28 | D:4      | Found Sasuifuh's Overcharged Wands.
    33 | D:5      | Entered Level 5 of the Dungeon
   117 | D:5      | Slain by a white imp

Illustrated notes

Levels and vault maps discovered:
D:1:      ebering_trefoil_3fold, layout_basic, minmay_tromino_v7
D:2:      minmay_razor_zed, layout_basic, supply_closet_lemuel,
          chequers_serial_rivers_room_a, chequers_serial_rivers_marsh,
          minmay_misc_feat_chi, serial_bayou_pond_b
D:4:      layout_basic, nicolae_overflow_quartered_altars,
          general_overflow_altar, minmay_temple_entry_antechambers,
          nicolae_shop_overcharged_wands
D:5:      nicolae_cairo_tiling_very_big, layout_cave_pods

Action                   || total
-------------------------++-------
Melee: Unarmed           ||     1
 Cast: Freeze            ||    11
Dodge: Dodged            ||     6
